 Dungeon Crawl Stone Soup version 0.26-a0-663-g36e8fdb655 (webtiles) character file.

Game seed: 14760433762789265386

9576 timneilson the Protected (level 11, -1/67 HPs)
             Began as a Gargoyle Fighter on Oct 11, 2020.
             Was a High Priest of Okawaru.
             Slain by a hog (13 damage)
             ... led by Kirke
             ... on level 12 of the Dungeon.
             The game lasted 00:21:18 (11369 turns).

timneilson the Protected (Gargoyle Fighter)        Turns: 11369, Time: 00:21:19

Health: -1/67      AC:  0    Str: 23    XL:     11   Next: 48%
Magic:  13/14      EV: 16    Int:  9    God:    Okawaru [*****.]
Gold:   811        SH:  0    Dex:  9    Spells: 10/10 levels left

rFire    . . .     SeeInvis .     - Unarmed
rCold    . . .     Faith    .   (shield currently unavailable)
rNeg     + . .     Spirit   .   (armour currently unavailable)
rPois    ∞         Reflect  .   (helmet currently unavailable)
rElec    .         Harm     .   (cloak currently unavailable)
rCorr    .         Rampage  .   (gloves currently unavailable)
MR       .....                  (boots currently unavailable)
Stlth    +++.......             (no amulet)
HPRegen  0.21/turn              (ring currently unavailable)
MPRegen  0.14/turn              (ring currently unavailable)

@: pig-form, heroism, very quick
A: small, negative energy resistance 1, petrification resistance, rot immunity,
AC +8
a: Heroism, Finesse, Renounce Religion


You were on level 12 of the Dungeon.
You worshipped Okawaru.
Okawaru was extremely pleased with you.
You were a filthy swine.
You visited 2 branches of the dungeon, and saw 13 of its levels.

You collected 811 gold pieces.

Inventory:

Hand Weapons
 B - a +1 scimitar
 G - a +3 scimitar of flaming (melded)
Armour
 c - a +1 kite shield (melded)
 d - the +0 chain mail of the Shoals {rElec Int+2}
   (You found it on level 4 of the Dungeon)

   It affects your intelligence (+2).
   It insulates you from electricity.
 r - a +0 cloak (melded)
 s - a +1 helmet (melded)
 w - a +0 plate armour (melded)
 C - a +0 pair of gloves (melded)
Jewellery
 i - a +6 ring of intelligence (melded)
 j - an uncursed ring of fire
 A - an uncursed ring of fire
Wands
 h - a wand of iceblast (10)
 u - a wand of acid (10)
 z - a wand of disintegration (11)
Scrolls
 e - 2 scrolls of remove curse
 n - 2 scrolls of amnesia
 t - 3 scrolls of teleportation
 D - a scroll of enchant armour
 F - 3 scrolls of identify
Potions
 b - a potion of cancellation
 f - 3 potions of stabbing
 g - a potion of heal wounds
 k - 3 potions of mutation
 l - a potion of might
 m - 4 potions of invisibility
 o - a potion of haste
 p - 3 potions of lignification
 q - a potion of ambrosia
 v - 2 potions of brilliance
 x - 4 potions of curing
Miscellaneous
 y - a lightning rod (4/4)


   Skills:
 + Level 7.5(12.5) Fighting
 * Level 8.2(13.2) Long Blades
 * Level 10.1(15.1) Armour
 * Level 10.1(15.1) Shields
 + Level 5.2 Invocations
 + Level 4.3 Evocations


You had 10 spell levels left.
You didn't know any spells.
Your spell library contained the following spells:

 Spells                   Type           Power        Failure   Level
 Beastly Appendage        Tmut           #.....       38%         1
 Wereblood                Tmut           #.......     52%         2
 Spider Form              Tmut/Pois      #.........   77%         3
 Ice Form                 Ice/Tmut       #.......     99%         4
 Blade Hands              Tmut           #.........   100%        5


Dungeon Overview and Level Annotations

Branches:
Dungeon (12/15)            Temple (1/1) D:4            Lair (0/6) D:8
    Orc (0/2) D:11

Altars:
Ashenzari
Cheibriados
Dithmenos
Elyvilon
Fedhas
Gozag
Hepliaklqana
Kikubaaqudgha
Makhleb
Nemelex Xobeh
Okawaru
Qazlal
Ru
Sif Muna
Trog
Uskayaw
Vehumet
Wu Jian
Xom
Yredelemnul
Zin
The Shining One

Annotations:
D:12 Kirke


Innate Abilities, Weirdness & Mutations

You are resistant to torment.
((Your stone body is resilient. (AC +8)))
You are immune to poison.
You resist negative energy. (rN+)
((You are resistant to electric shocks. (rElec)))
((You can survive without breathing.))
You are immune to petrification.
You are immune to rotting.


Message History

Kirke gestures at you while chanting.
You barely resist. You hit Kirke but do no damage.
Kirke is severely wounded.
The hog bites you! The hog bites you. The hog closely misses you.
You barely miss Kirke.
Kirke is severely wounded.
Kirke misses you. The hog bites you!
* * * LOW HITPOINT WARNING * * *
The hog barely misses you. The hog bites you!
* * * LOW HITPOINT WARNING * * *
Unknown command.
You feel much better. The hog bites you. The hog completely misses you.
Kirke hits you. The hog bites you!
* * * LOW HITPOINT WARNING * * *
The hog barely misses you. The hog closely misses you.
The hog barely misses you. Kirke misses you. The hog bites you.
* * * LOW HITPOINT WARNING * * *
The hog bites you!
You die...

#...# #...#
#...# #...#
#...# #...#
#hh.# #hh.#
#h@.# #h..#
#....[....#
#.@.hh...$#
#.#####...#
#....
#$....
#...###


You could see Kirke and 5 hogs.

Vanquished Creatures
  A boulder beetle (D:11)
  Erica (D:11)
  Pikel (D:7)
  A cyclops (D:11)
  A centaur zombie (D:9)
  Maurice (D:11)
  Sigmund (D:2)
  3 yaks
  A steam dragon (D:7)
  A hog (D:11)
  2 wargs (D:8)
  A soldier ant (D:11)
  2 water moccasins
  8 orc warriors
  Duvessa (D:6)
  5 sky beasts
  2 black bears
  5 ogres
  A centaur (D:6)
  6 big kobolds
  8 bullfrogs
  3 scorpions
  Dowan (D:6)
  6 killer bees
  5 howler monkeys
  2 bullfrog zombies
  5 hounds
  6 orc priests
  3 jellies
  2 quasits
  Crazy Yiuf (D:4)
  14 orc wizards
  2 bullfrog skeletons
  Ijyb (D:5)
  Terence (D:2)
  An iguana (D:11)
  11 worker ants
  2 killer bee zombies
  A hound zombie (D:6)
  3 hound skeletons
  Robin (D:2)
  A gnoll (D:5)
  12 adders
  2 shadow imps
  2 white imps
  2 ufetubi (D:9)
  An ooze (D:1)
  An adder skeleton (D:6)
  4 worms
  4 dart slugs
  6 leopard geckos
  35 orcs
  5 giant cockroaches
  18 goblins
  16 hobgoblins
  12 jackals
  4 quokkas
  2 ball pythons (D:6)
  9 bats
  4 frilled lizards
  54 kobolds
  A quokka zombie (D:8)
  10 rats
329 creatures vanquished.

Vanquished Creatures (others)
  A killer bee (D:7)
1 creature vanquished.

Grand Total: 330 creatures vanquished

Notes
Turn   | Place    | Note
-------+----------+-------------------------------------------
     0 | D:1      | timneilson the Gargoyle Fighter began the quest for the
                  | Orb.
     0 | D:1      | Reached XP level 1. HP: 14/14 MP: 1/1
    65 | D:1      | Reached XP level 2. HP: 19/19 MP: 2/2
   471 | D:1      | Reached XP level 3. HP: 23/23 MP: 3/3
  1103 | D:2      | Found a shimmering blue altar of Sif Muna.
  1104 | D:2      | Found a broken altar of Ashenzari.
  1140 | D:2      | Reached XP level 4. HP: 28/28 MP: 4/4
  1462 | D:2      | Noticed Terence
  1465 | D:2      | Killed Terence
  1551 | D:2      | Noticed Robin
  1559 | D:2      | Reached XP level 5. HP: 33/33 MP: 5/5
  1604 | D:2      | Killed Robin
  1777 | D:2      | Noticed Sigmund
  1791 | D:2      | Killed Sigmund
  1791 | D:2      | Reached XP level 6. HP: 25/38 MP: 6/6
  2285 | D:3      | Reached skill level 5 in Shields
  2309 | D:3      | Reached skill level 5 in Armour
  2408 | D:3      | Found a faded altar of an unknown god.
  2517 | D:3      | Found a sparkling altar of Nemelex Xobeh.
  2879 | D:4      | Found a staircase to the Ecumenical Temple.
  2891 | Temple   | Entered the Ecumenical Temple
  3124 | Temple   | Became a worshipper of Warmaster Okawaru
  3297 | D:4      | Reached XP level 7. HP: 37/44 MP: 7/7
  3434 | D:4      | Found a runed translucent door.
  3435 | D:4      | Noticed Crazy Yiuf
  3657 | D:4      | Got a bloodstained chain mail
  3661 | D:4      | Identified the cursed +0 chain mail of the Shoals {rElec
                  | Int+2} (You found it on level 4 of the Dungeon)
  4233 | D:4      | Killed Crazy Yiuf
  4390 | D:5      | Entered Level 5 of the Dungeon
  4511 | D:5      | Found a sand-covered staircase.
  4531 | D:5      | Reached * piety under Okawaru
  4905 | D:5      | Reached XP level 8. HP: 48/48 MP: 8/8
  4963 | D:5      | Reached skill level 5 in Fighting
  5180 | D:5      | Noticed Ijyb
  5186 | D:5      | Killed Ijyb
  5577 | D:5      | Reached skill level 5 in Long Blades
  5799 | D:6      | Reached skill level 1 in Invocations
  5807 | D:6      | Reached ** piety under Okawaru
  5993 | D:6      | Noticed Dowan
  5994 | D:6      | Noticed Duvessa
  6002 | D:6      | Killed Dowan
  6002 | D:6      | Reached skill level 1 in Evocations
  6042 | D:6      | Killed Duvessa
  6042 | D:6      | Reached XP level 9. HP: 35/54 MP: 10/10
  6211 | D:6      | Found a blossoming altar of Fedhas.
  6506 | D:7      | Noticed Pikel
  6524 | D:7      | Killed Pikel
  6524 | D:7      | Reached *** piety under Okawaru
  7034 | D:7      | Reached XP level 10. HP: 49/61 MP: 10/12
  7242 | D:8      | Found a white marble altar of Elyvilon.
  7243 | D:8      | Found a glowing golden altar of the Shining One.
  7243 | D:8      | Found a radiant altar of Vehumet.
  7346 | D:8      | Found a staircase to the Lair.
  7387 | D:8      | Received a gift from Okawaru
  7632 | D:8      | Found a broken altar of Ashenzari.
  8805 | D:8      | Reached **** piety under Okawaru
  9708 | D:10     | Entered Level 10 of the Dungeon
 10221 | D:10     | Found a blossoming altar of Fedhas.
 10376 | D:11     | Noticed Maurice
 10379 | D:11     | Noticed a boulder beetle
 10388 | D:11     | Killed Maurice
 10413 | D:11     | Killed a boulder beetle
 10413 | D:11     | Reached XP level 11. HP: 48/67 MP: 11/14
 10693 | D:11     | Noticed Erica
 10703 | D:11     | Killed Erica
 10703 | D:11     | Reached ***** piety under Okawaru
 10911 | D:11     | Reached skill level 5 in Invocations
 10941 | D:11     | Reached skill level 10 in Armour
 10941 | D:11     | Reached skill level 10 in Shields
 11084 | D:11     | Found a staircase to the Orcish Mines.
 11250 | D:11     | Noticed a cyclops
 11276 | D:11     | Killed a cyclops
 11334 | D:12     | Noticed Kirke
 11369 | D:12     | Slain by a hog

Illustrated notes

Levels and vault maps discovered:
D:1:      enne_arrival_octagon_isle, layout_rooms,
          hangedman_abyss_or_decor_lesser_grid, moated_statue,
          minmay_octomino_j4
D:2:      layout_basic, minitemple, grunt_ministairs_8, uniq_sigmund,
          uniq_terence, uniq_robin
D:3:      layout_basic, nicolae_overflow_hidden_temple,
          chequers_ecumenical_altar_simple
D:4:      layout_basic, minmay_temple_entry_proselytizer,
          uniq_crazy_yiuf_cottage
D:5:      minmay_goblin_kobold_castle, layout_cave_pods,
          chequers_ossuary_entry_cave, uniq_ijyb
D:6:      layout_basic, basic_altar, uniq_duvessa
D:7:      layout_gridville, uniq_pikel
D:8:      layout_loops_ring, chequers_temple_overflow_statue_of_worship,
          erik_lair_orcish_takeover, basic_altar
D:9:      layout_grid_maze
D:10:     layout_irregular_city, basic_altar
D:11:     layout_rooms, david_orc_4, uniq_maurice, uniq_erica
D:12:     layout_long_grid, grunt_decor_arrowhead, uniq_psyche, uniq_kirke,
          uniq_erolcha
Temple:   nicolae_temple_elliptical

Skill      XL: |  1  2  3  4  5  6  7  8  9 10 11 |
---------------+----------------------------------+-----
Long Blades    | 2 3 4 5 6 7 8 |  8.2
Armour         | 4 5 6 7 8 9 10 | 10.1
Shields        | 4 5 6 7 8 9 10 | 10.1
Fighting       | 4 5 6 7 |  7.5
Invocations    | 1 3 4 5 |  5.2
Evocations     | 1 2 3 4 |  4.3

Action                   |  1- 3 |  4- 6 |  7- 9 | 10-12 || total
-------------------------+-------+-------+-------+-------++-------
Melee: Long sword        |   100 |   254 |   621 |   134 ||  1109
       Scimitar          |       |       |       |   469 ||   469
       Unarmed           |       |       |       |     3 ||     3
Invok: Heroism           |       |       |     5 |    12 ||    17
  Use: Scroll            |     5 |     4 |     7 |     8 ||    24
       Potion            |       |     1 |       |     1 ||     2
 Stab: Invisible         |       |       |     1 |       ||     1
Armor: Scale mail        |    52 |   145 |    14 |       ||   211
       Chain mail        |       |       |   450 |   305 ||   755
       Plate armour      |       |       |       |     7 ||     7
Dodge: Dodged            |    37 |    71 |   180 |   159 ||   447
Block: Kite shield       |    60 |   144 |   463 |   419 ||  1086
       Rpst.: Long sword |    11 |    20 |    55 |     9 ||    95
       Scimitar          |       |       |       |    23 ||    23

Table legend: (Time is in decaauts)
 A = Elapsed time spent in this place.
 B = Non-inter-level travel time spent in this place.
 C = Inter-level travel time spent in this place.
 D = Time resting spent in this place.
 E = Time spent auto-exploring this place.
 F = Levels seen in this place.
 G = Mean time per level.
                   A        B        C        D        E       F      G
               +--------+--------+--------+--------+--------+-----+--------+
         Total |  11602 |  11227 |    375 |    170 |   8156 |  13 |  892.5 |
       Dungeon |  11345 |  11018 |    327 |    170 |   7949 |  12 |  945.4 |
        Temple |    257 |    209 |     48 |      0 |    207 |   1 |  257.0 |
               +--------+--------+--------+--------+--------+-----+--------+

Top non-repeatable levels by time:
     D:9: 1533 daAuts
     D:2: 1431 daAuts
     D:5: 1363 daAuts
     D:4: 1346 daAuts
     D:8: 1053 daAuts
    D:11: 969 daAuts
     D:1: 930 daAuts
     D:6: 836 daAuts
     D:7: 654 daAuts
    D:10: 653 daAuts
     D:3: 556 daAuts
  Temple: 257 daAuts
    D:12: 16 daAuts
